Map: Arctic Dream LE

Players

FALLIN - Winner!

  • Race: Zerg Zerg
  • League: Diamond
  • Spawn Location: 6:00

Alonso - Winner!

  • Race: Terran Terran
  • League: Silver
  • Spawn Location: 5:00

qqq

  • Race: Zerg Zerg
  • League: Platinum
  • Spawn Location: 12:00

Massa

  • Race: Terran Terran
  • League: Gold
  • Spawn Location: 11:00

VOD

Have the link to the VOD?

Description

Time

  • Played on: May 19, 2020, 3:44 p.m.
  • Length: 5:50
Show
View Real Time Build Order
Export as new Build Order

FALLIN Zerg - Winner!

Build Orders: Hatch First 

Get SALT Encoding   

  12  0:01  Drone  
  13  0:08  Drone  
  14  0:18  Overlord  
  14  0:37  Drone x3  
  17  0:52  Hatchery  
  17  0:55  Drone  
  17  1:00  Drone  
  18  1:10  Extractor  
  17  1:15  Spawning Pool  
  17  1:17  Drone  
  17  1:24  Drone  
  18  1:31  Drone  
  19  1:42  Drone  
  20  1:56  Hatchery  
  19  2:01  Queen  
  19  2:05  Zergling x4  
  23  2:14  Metabolic Boost  
  23  2:17  Drone  
  23  2:20  Drone  
  25  2:25  Drone  
  25  2:28  Drone  
  27  2:31  Drone  
  28  2:37  Overlord  
  28  2:44  Baneling Nest  
  28  2:45  Drone  
  28  2:51  Overlord  
  28  3:03  Zergling x6  
  31  3:11  Overlord  
  31  3:13  Zergling x8  
  35  3:28  Zergling x8  
  34  3:44  Zergling x10  
  34  3:47  Queen  
  41  3:49  Baneling x2  
  34  4:08  Zergling x16  
  32  4:47  Zergling x4  
  32  4:48  Zergling x10  
  36  5:01  Zergling x10  
  36  5:03  Baneling x2  
  40  5:21  Baneling  
Show
View Real Time Build Order
Export as new Build Order

Alonso Terran - Winner!

Build Orders: 1/1/1 

Get SALT Encoding   

  12  0:05  SCV  
  13  0:18  Supply Depot  
  13  0:23  Refinery  
  13  0:24  SCV  
  14  0:40  Barracks  
  14  0:43  SCV  
  15  0:55  SCV  
  16  1:06  Supply Depot  
  16  1:07  SCV  
  17  1:19  SCV  
  18  1:29  Factory  
  18  1:33  SCV  
  18  1:36  Marine  
  18  1:37  Refinery  
  20  1:45  SCV  
  21  2:04  SCV  
  22  2:10  Marine  
  23  2:16  Starport, SCV  
  24  2:31  Hellion  
  24  2:34  Barracks Tech Lab  
  26  2:55  Starport Tech Lab  
  26  2:57  Fusion Core  
  26  3:01  Hellion  
  28  3:22  Marine  
  29  3:41  Orbital Command  
  24  3:57  Battlecruiser  
  24  4:01  Supply Depot  
  30  4:18  Command Center  
  30  4:22  Siege Tank  
  32  4:36  Engineering Bay  
  32  4:54  Cyclone  
  31  5:25  Missile Turret  
Show
View Real Time Build Order
Export as new Build Order

qqq Zerg 

Build Orders: Hatch First 

Get SALT Encoding   

  12  0:02  Drone  
  13  0:13  Drone  
  14  0:34  Hatchery  
  13  0:50  Spawning Pool  
  12  0:57  Overlord  
  12  1:02  Drone  
  13  1:06  Drone  
  14  1:20  Drone  
  14  1:24  Extractor, Drone  
  15  1:32  Drone  
  16  1:40  Queen  
  16  1:42  Zergling x2  
  19  1:48  Drone  
  19  1:52  Queen  
  22  1:59  Zergling x2  
  23  2:02  Zergling x2  
  23  2:06  Zergling x2  
  25  2:12  Zergling x2  
  25  2:14  Zergling x2  
  27  2:20  Overlord  
  27  2:27  Metabolic Boost  
  27  2:34  Drone  
  28  2:47  Zergling x6  
  31  2:54  Drone x2  
  31  2:55  Zergling x2  
  34  3:07  Zergling x2, Baneling Nest  
  34  3:11  Overlord  
  34  3:15  Drone  
  35  3:33  Zergling x6  
  35  3:34  Zergling x6  
  35  3:43  Zergling x2  
  33  3:55  Zergling x2  
  33  3:56  Zergling x6  
  36  4:06  Zergling x2  
  36  4:07  Zergling x2  
  36  4:24  Baneling  
  36  4:26  Baneling x2  
  36  4:30  Zergling x2  
  36  4:31  Zergling x4  
  34  4:48  Zergling x2  
  34  4:49  Zergling x6  
  37  5:00  Zergling x2  
  37  5:01  Zergling x2  
  36  5:33  Zergling x2  
Show
View Real Time Build Order
Export as new Build Order

Massa Terran 

Build Orders:  

Get SALT Encoding   

  12  0:10  Supply Depot  
  12  0:13  SCV  
  13  0:25  SCV  
  14  0:34  Barracks  
  14  0:37  SCV  
  16  0:50  SCV  
  16  0:57  Supply Depot  
  16  1:03  SCV  
  17  1:15  SCV  
  18  1:26  Barracks  
  18  1:27  SCV  
  18  1:30  Barracks  
  19  1:44  Marine  
  20  1:49  SCV  
  20  1:50  Refinery  
  21  1:55  Barracks  
  21  2:02  Marine  
  22  2:11  SCV  
  23  2:16  Marine  
  23  2:20  Marine  
  23  2:21  Marine  
  26  2:29  Supply Depot  
  26  2:34  Marine  
  26  2:38  Marine  
  26  2:39  Marine  
  26  2:43  Marine  
  29  2:52  Marine  
  29  2:56  Marine  
  29  2:57  Marine  
  32  3:01  Marine  
  33  3:10  Marine  
  34  3:14  Marine  
  34  3:15  Marine  
  34  3:18  Marine  
  37  3:21  Supply Depot  
  37  3:28  Marine  
  37  3:31  Marine  
  39  3:38  Barracks Tech Lab  
  39  3:43  Marine, Supply Depot  
  39  3:45  Marine  
  41  3:49  Marine  
  33  4:03  Marine x3  
  33  4:07  Marine  
  31  4:21  Marine x3  
  34  4:25  Marine  
  31  4:39  Marine x3  
  31  4:44  Marine  
  33  4:57  Marine x3  
  36  5:02  Marine  
  32  5:14  Marine  
  32  5:15  Marauder, Marine  
  32  5:20  Marine  
  35  5:40  Engineering Bay  
Tags
 
Add a new tag
Caveats
  • Supply blocks, unpowered buildings, or Contaminate may cause inaccurate times.
  • Supply counts are checked every 10 seconds.